Map: Orbital Shipyard

Players

SticklerMac

  • Race: Zerg Zerg

Nafania - Winner!

  • Race: Zerg Zerg
  • League: Grandmaster

VOD

Have the link to the VOD?

Description

Time

  • Played on: Aug. 6, 2015, 7:14 p.m.
  • Length: 9:53
Show
View Real Time Build Order
Export as new Build Order

SticklerMac Zerg 

Build Orders: Pool First, Zergling Baneling 

Get SALT Encoding   

  12  0:01  Drone  
  13  0:08  Drone  
  14  0:17  Overlord  
  14  0:33  Spawning Pool  
  13  0:37  Drone  
  13  0:41  Extractor  
  13  0:42  Drone  
  14  0:48  Drone  
  15  0:52  Drone  
  16  0:58  Drone  
  17  1:10  Drone  
  18  1:21  Queen  
  18  1:22  Zergling x2  
  21  1:31  Zergling x2  
  22  1:43  Overlord  
  22  1:44  Metabolic Boost  
  22  2:00  Hatchery  
  21  2:03  Drone  
  21  2:05  Zergling x2  
  23  2:15  Zergling x2  
  24  2:22  Baneling Nest  
  23  2:28  Drone  
  24  2:31  Drone x2  
  24  2:32  Drone  
  26  2:39  Zergling x4  
  28  2:48  Zergling x2  
  29  3:10  Overlord x3  
  29  3:16  Baneling x2  
  29  3:17  Baneling x5  
  29  3:19  Overlord  
  26  3:41  Zergling x6  
  26  3:52  Zergling x2  
  26  3:53  Zergling x6  
  30  4:04  Zergling x4  
  30  4:07  Queen  
  34  4:14  Zergling x2  
  35  4:17  Zergling x2  
  35  4:28  Baneling x7  
  35  4:30  Zergling x6  
  35  4:31  Zergling x4  
  39  4:37  Zergling x4  
  35  4:53  Zergling x4  
  35  4:58  Zergling x4  
  38  5:07  Zergling x2  
  39  5:17  Zergling x10  
  44  5:40  Zergling x10  
  44  5:42  Baneling x3  
  49  5:43  Baneling x6  
  49  5:44  Baneling  
  49  5:46  Zergling x8  
  51  5:51  Zergling x10  
  56  6:12  Zergling x4  
  56  6:13  Zergling x2  
  58  6:22  Zergling x2  
  58  6:23  Zergling x2  
  37  6:32  Zergling x4  
  37  6:33  Zergling x12  
  39  6:40  Drone  
  39  6:42  Roach Warren  
  39  6:43  Zergling x2  
  40  6:49  Zergling x2  
  40  6:54  Zergling x2  
  42  7:03  Zergling x4  
  43  7:19  Zergling x2  
  43  7:20  Zergling x16  
  52  7:24  Zergling x2  
  49  7:33  Zergling x2  
  49  7:36  Drone  
  50  7:47  Zergling x4  
  50  8:05  Zergling x8  
  40  8:06  Zergling x2  
  40  8:08  Zergling x10  
  40  8:09  Zergling x2  
  45  8:16  Zergling x2  
  41  8:20  Zergling x2  
  41  8:28  Zergling x2  
  41  8:32  Zergling x2  
  43  8:36  Zergling x2  
  43  8:43  Zergling x2  
  44  8:55  Zergling x10  
  44  8:56  Zergling x8  
  39  9:08  Zergling x4  
  41  9:12  Zergling x2  
  42  9:20  Zergling x2  
  42  9:21  Zergling x10  
  42  9:23  Zergling x2  
  47  9:28  Zergling x4  
  44  9:31  Zergling x2  
  44  9:34  Zergling x2  
Show
View Real Time Build Order
Export as new Build Order

Nafania Zerg - Winner!

Build Orders: Pool First 

Get SALT Encoding   

  12  0:02  Drone  
  13  0:11  Drone  
  14  0:19  Overlord  
  14  0:34  Spawning Pool  
  13  0:39  Drone  
  13  0:42  Drone  
  15  0:48  Drone  
  16  0:51  Drone  
  17  0:57  Extractor  
  17  1:01  Drone  
  17  1:13  Drone  
  18  1:23  Drone, Queen  
  21  1:43  Zergling x2  
  21  1:45  Hatchery  
  21  1:47  Overlord  
  21  1:57  Metabolic Boost  
  21  2:05  Zergling x2  
  22  2:18  Zergling x4  
  24  2:31  Zergling x2  
  24  2:34  Zergling x6  
  24  2:35  Zergling x2  
  28  2:44  Zergling x2  
  28  2:49  Baneling Nest  
  28  3:06  Zergling x12  
  28  3:07  Zergling x2  
  35  3:23  Overlord x3  
  19  3:49  Zergling x2  
  19  3:50  Zergling x14  
  19  3:51  Queen  
  29  4:06  Zergling x4  
  29  4:07  Zergling x2  
  32  4:14  Drone x2  
  34  4:23  Drone x4  
  31  5:01  Zergling x20  
  31  5:03  Baneling  
  31  5:04  Baneling x2  
  40  5:12  Roach Warren  
  39  5:30  Zergling x8  
  39  5:31  Zergling x4  
  39  5:33  Baneling x3  
  37  5:59  Baneling x3  
  37  6:02  Roach x3  
  37  6:03  Roach x4  
  51  6:06  Drone  
  51  6:07  Overlord  
  44  6:42  Roach x3  
  44  6:45  Lair  
  50  6:49  Extractor  
  50  6:53  Zergling x4  
  50  6:54  Zergling x10  
  56  7:10  Drone x2  
  56  7:11  Drone  
  59  7:29  Roach x6  
  58  7:30  Roach  
  58  7:36  Baneling  
  56  7:52  Baneling x2  
  51  8:10  Roach x4  
  51  8:11  Roach  
  49  8:13  Drone x2  
  50  8:23  Drone  
  51  8:31  Drone  
  51  8:58  Drone x5  
  51  8:59  Drone  
  55  9:14  Drone x4  
  57  9:31  Drone x3  
  60  9:34  Overlord x2  
Tags
 
Add a new tag
Caveats
  • Supply blocks, unpowered buildings, or Contaminate may cause inaccurate times.
  • Supply counts are checked every 10 seconds.